 Dungeon Crawl Stone Soup version 0.27-a0-170-g607d9e9d85 (webtiles) character file.

Game seed: 14157424653060708371

627 epen the Slasher (level 7, -3/55 HPs)
             Began as a Demonspawn Fighter on Jan 13, 2021.
             Killed by divine providence
             ... invoked by an orc priest
              (15 damage)
             ... on level 4 of the Dungeon on Jan 28, 2021.
             The game lasted 00:09:32 (4785 turns).

epen the Slasher (Demonspawn Fighter)               Turns: 4785, Time: 00:09:33

Health: -3/55      AC:  8    Str: 17 (19) XL:     7   Next: 23%
Magic:  7/7        EV:  9    Int:  9      God:
Gold:   187        SH:  0    Dex: 10 (12) Spells: 6/6 levels left

rFire    . . .     SeeInvis +   h - +3 dagger (distort)
rCold    . . .     Faith    .   (no shield)
rNeg     . . .     Spirit   .   b - +0 scale mail
rPois    +         Reflect  .   g - +1 hat
rElec    .         Harm     .   (no cloak)
rCorr    .         Rampage  .   (no gloves)
Will     .....                  (no boots)
Stlth    ..........             (no amulet)
HPRegen  0.18/turn              m - ring of see invisible
MPRegen  0.10/turn              y - ring of poison resistance

@: mighty
A: claws 2, demonic guardian 1, miasma immunity
a: no special abilities


You were on level 4 of the Dungeon.
You visited 1 branch of the dungeon, and saw 4 of its levels.
You also visited: Sewer.

You collected 187 gold pieces.

Inventory:

Hand Weapons
 a - a +0 long sword
 h - a +3 dagger of distortion (weapon)
 q - a +0 dagger of venom
 r - a +0 dagger
Armour
 b - a +0 scale mail (worn)
 c - a +0 kite shield
 g - a +1 hat (worn)
 v - a +0 leather armour
 w - a +1 robe of positive energy
Jewellery
 m - a ring of see invisible (left claw)
 o - an uncursed amulet of faith
 y - a ring of poison resistance (right claw)
Wands
 l - a wand of mindburst (10)
Scrolls
 f - 2 scrolls of remove curse
 j - 5 scrolls of teleportation
 s - 2 scrolls of fog
 z - a scroll of identify
 A - a scroll of enchant armour {unknown}
 B - a scroll of immolation {unknown}
Potions
 d - a potion of might
 e - 2 potions of attraction
 i - a potion of flight
 k - a potion of magic {unknown}
 n - 5 potions of lignification
 p - 2 potions of heal wounds
 t - a potion of degeneration
 u - a potion of cancellation {unknown}
 x - a potion of ambrosia {unknown}


   Skills:
 + Level 4.9 Fighting
 * Level 5.3 Long Blades
 + Level 4.4 Armour
 - Level 2.6 Shields


You had 6 spell levels left.
You didn't know any spells.
Your spell library was empty.

Dungeon Overview and Level Annotations

Branches:
Dungeon (4/15)              Sewer (visited)
 Temple: D:4-7

Altars:


Innate Abilities, Weirdness & Mutations

You have very sharp fingernails.
A weak demonic guardian rushes to your aid.
You are immune to miasma.


Message History

The orc priest looks satisfied for a moment.
The orc priest hits you but does no damage.
You feel very mighty all of a sudden. The orc hits you but does no damage.
You puncture the orc priest!
You kill the orc priest!
You feel your dexterity returning.
You hit the orc.
The orc is severely wounded.
You puncture the orc!
You kill the orc!
You closely miss the orc.
The orc priest mumbles some strange prayers to Beogh against you.
Pain shoots through your body!
* * * LOW HITPOINT WARNING * * *
You puncture the orc!
You kill the orc!
The orc priest mumbles some strange prayers to Beogh against you.
Beogh smites you!
You die...

..................
..................
..................
.......)..........
..................
#+#####............
+.....'............
#.....#............
#)@...#............
#.#####............
#o#.....#'#########
#..o#.....#......#
#...#.....+......#
#...#.....#......#
#...#.....#......#
#?..#.....#......#
#####.....########


You could see 2 orc priests.

Vanquished Creatures
  An ogre (D:4)
  A scorpion (D:4)
  An orc priest (D:4)
  3 orc wizards
  Terence (D:2)
  A worker ant (D:4)
  7 adders
  A gnoll (D:1)
  2 river rats (Sewer)
  2 oozes
  6 worms
  3 dart slugs
  5 leopard geckos
  9 orcs
  6 ball pythons
  9 goblins
  4 hobgoblins
  4 jackals (D:3)
  A quokka (D:3)
  5 bats
  7 frilled lizards
  11 kobolds
  A leopard gecko skeleton (D:3)
  5 rats
96 creatures vanquished.

Vanquished Creatures (collateral kills)
  A big kobold (Sewer)
  Ijyb (D:4)
2 creatures vanquished.

Vanquished Creatures (others)
  An orc wizard (D:4)
1 creature vanquished.

Grand Total: 99 creatures vanquished

Notes
Turn   | Place    | Note
-------+----------+-------------------------------------------
     0 | D:1      | epen the Demonspawn Fighter began the quest for the Orb.
     0 | D:1      | Reached XP level 1. HP: 18/18 MP: 1/1
   181 | D:1      | Reached skill level 2 in Long Blades
   196 | D:1      | Gained mutation: You are immune to miasma. [demonic
                  | ancestry]
   196 | D:1      | Reached XP level 2. HP: 23/24 MP: 2/2
   412 | D:1      | Reached XP level 3. HP: 25/29 MP: 3/3
   834 | D:2      | Noticed Terence
   840 | D:2      | Killed Terence
   841 | D:2      | Reached skill level 3 in Long Blades
   841 | D:2      | Gained mutation: A weak demonic guardian rushes to your
                  | aid. [demonic ancestry]
   841 | D:2      | Reached XP level 4. HP: 26/35 MP: 4/4
  2157 | D:3      | Found a glowing drain.
  2178 | D:3      | Reached XP level 5. HP: 30/42 MP: 5/5
  2187 | Sewer    | Entered a sewer
  2701 | Sewer    | Reached skill level 4 in Long Blades
  3046 | Sewer    | Upgraded the game from 0.27-a0-77-gd04b7445b5 to
                  | 0.27-a0-170-g607d9e9d85
  3404 | D:3      | Gained mutation: You have sharp fingernails. [demonic
                  | ancestry]
  3404 | D:3      | Reached XP level 6. HP: 48/48 MP: 6/6
  3705 | D:4      | Noticed Ijyb
  3995 | D:4      | Killed Ijyb
  4269 | D:4      | Reached skill level 5 in Long Blades
  4269 | D:4      | Gained mutation: You have very sharp fingernails. [demonic
                  | ancestry]
  4269 | D:4      | Reached XP level 7. HP: 14/55 MP: 7/7
  4785 | D:4      | Killed from afar by an orc priest

Illustrated notes

Levels and vault maps discovered:
D:1:      ncdulo_watergridlock, layout_rooms, chequers_serial_rivers_small_3
D:2:      layout_basic, uniq_terence
D:3:      layout_basic, portal_sewer_entry_d
D:4:      layout_gridville, uniq_ijyb

Skill      XL: |  1  2  3  4  5  6 |
---------------+-------------------+-----
Long Blades    | 2 3 4 5 |  5.3
Armour         | 3 4 |  4.4
Fighting       | 4 |  4.9
Shields        | |  2.6

Action                   |  1- 3 |  4- 6 |  7- 9 || total
-------------------------+-------+-------+-------++-------
Melee: Long sword        |    76 |   225 |       ||   301
       Dagger            |       |    32 |    22 ||    54
  Use: Scroll            |       |    12 |       ||    12
       Potion            |       |     7 |     1 ||     8
Armor: Scale mail        |    42 |   143 |     4 ||   189
Dodge: Dodged            |    39 |   143 |     4 ||   186
       Rpst.: Long sword |    13 |    55 |       ||    68

Table legend: (Time is in decaauts)
 A = Elapsed time spent in this place.
 B = Non-inter-level travel time spent in this place.
 C = Inter-level travel time spent in this place.
 D = Time resting spent in this place.
 E = Time spent auto-exploring this place.
 F = Levels seen in this place.
 G = Mean time per level.
                   A        B        C        D        E       F      G
               +--------+--------+--------+--------+--------+-----+--------+
         Total |   4913 |   4820 |     93 |   1474 |   2498 |   5 |  982.6 |
       Dungeon |   3781 |   3688 |     93 |    898 |   2180 |   4 |  945.2 |
         Sewer |   1131 |   1131 |      0 |    576 |    318 |   1 | 1131.0 |
               +--------+--------+--------+--------+--------+-----+--------+

Top non-repeatable levels by time:
     D:3: 1649 daAuts
   Sewer: 1131 daAuts
     D:2: 844 daAuts
     D:1: 667 daAuts
     D:4: 620 daAuts
